 Dungeon Crawl Stone Soup version 0.25-a0-544-gee0576305d (webtiles) character file.

Game seed: 16538116858295037967, levelgen mode: deterministic

247 Gargoyl the Skirmisher (level 5, -18/46 HPs)
             Began as a Centaur Abyssal Knight on Feb 20, 2020.
             Was a Believer of Lugonu.
             Demolished by Crazy Yiuf
             ... wielding a +3 quarterstaff of chaos
              (20 damage)
             ... on level 3 of the Dungeon.
             The game lasted 00:04:16 (3319 turns).

Gargoyl the Skirmisher (Centaur Abyssal Knight)     Turns: 3319, Time: 00:04:17

Health: -18/46     AC:  9    Str: 15    XL:     5   Next: 85%
Magic:  7/7        EV:  7    Int: 11    God:    Lugonu [**....]
Gold:   125        SH:  0    Dex:  9    Spells: 4/4 levels left

rFire    . . .     SeeInvis .   a - +2 hand axe
rCold    . . .     Gourm    .   (no shield)
rNeg     . . .     Faith    .   f - +0 plate armour
rPois    .         Spirit   .   (no helmet)
rElec    .         Reflect  .   (no cloak)
rCorr    .         Harm     .   (no gloves)
MR       .....                  (no barding)
Stlth    ..........             (no amulet)
HPRegen  0.15/turn              e - +5 ring of evasion
MPRegen  0.10/turn              b - ring of attention (curse)

@: very quick
A: large, hooves 3, deformed body, speed 2, tough skin 3
a: Depart the Abyss, Bend Space, Renounce Religion


You were on level 3 of the Dungeon.
You worshipped Lugonu.
Lugonu was pleased with you.
You were not hungry.

You visited 1 branch of the dungeon, and saw 3 of its levels.
You visited the Abyss 1 time.

You collected 125 gold pieces.

Inventory:

Hand Weapons
 a - a +2 hand axe (weapon)
Armour
 f - a +0 plate armour (worn)
Jewellery
 b - a cursed ring of attention (right hand)
 e - a +5 ring of evasion (left hand)
Scrolls
 d - a scroll of identify
 h - 2 scrolls of remove curse
 m - a scroll of blinking {unknown}
Potions
 g - 2 potions of magic {unknown}
 i - a potion of degeneration {unknown}
 j - 2 potions of lignification {unknown}
 k - a potion of curing {unknown}
 n - a potion of cancellation {unknown}
 o - a potion of resistance {unknown}
Comestibles
 c - 3 rations


   Skills:
 + Level 4.0 Fighting
 + Level 3.2 Axes
 * Level 2.5 Armour
 * Level 1.6 Dodging
 * Level 3.0 Invocations


You had 4 spell levels left.
You didn't know any spells.
Your spell library was empty.

Dungeon Overview and Level Annotations

Branches:
Dungeon (3/15)

Altars:

Annotations:
D:3 Crazy Yiuf


Innate Abilities, Weirdness & Mutations

You have hooves in place of feet.
Armour fits poorly on your strangely shaped body.
You cover ground very quickly.
You have extremely tough skin. (AC +3)


Message History

Crazy Yiuf is heavily wounded.
Crazy Yiuf hits you with a +3 quarterstaff of chaos!
You closely miss Crazy Yiuf. You kick Crazy Yiuf, but do no damage.
Crazy Yiuf is heavily wounded.
Crazy Yiuf says, "Snurf snockshim sing!"
Crazy Yiuf hits you with a +3 quarterstaff of chaos!
Crazy Yiuf burns you.
You hit Crazy Yiuf. Your kick misses Crazy Yiuf.
Crazy Yiuf is almost dead.
Crazy Yiuf laughs, "Goldfish alas agre!"
Crazy Yiuf hits you with a +3 quarterstaff of chaos.
Crazy Yiuf freezes you.
* * * LOW HITPOINT WARNING * * *
Your plate armour prevents you from hitting Crazy Yiuf.
Crazy Yiuf is almost dead.
Crazy Yiuf cries, "Ten sallow childish!"
Crazy Yiuf hits you with a +3 quarterstaff of chaos!
* * * LOW HITPOINT WARNING * * *
You are electrocuted!!
You die...

#...)####.#####
#)...# #.....#
♣...)♣ #####.#
#### ♣...♣♣
#####.###...
♣♣.♣♣
#..##...'...
♣.♣♣
#..######...
♣♣.♣ #<.# ###'
#### ♣.♣♣
#..########.
#>.# ♣♣@♣
#........(..
#..# *#g#*
#......(....
#.## *...*
#...........
#####..# #...#
#.....(..###
#....### #..)#
#........# #
#....# #####
#...).(..# #
#....#
###'###### #
#....##### ###
#.....######
#........# #.#
#...........


You could see Crazy Yiuf.

Vanquished Creatures
  2 orc priests (D:3)
  A hound (D:2)
  5 adders
  A white imp (Abyss:2)
  2 oozes
  3 worms
  2 dart slugs
  4 leopard geckos
  4 orcs (D:3)
  2 ball pythons
  4 giant cockroaches
  8 goblins
  8 hobgoblins
  9 kobolds
  11 bats
  8 frilled lizards
  8 rats
82 creatures vanquished.

Notes
Turn   | Place    | Note
-------+----------+-------------------------------------------
     0 | Abyss:1  | Gargoyl the Centaur Abyssal Knight began the quest for the
                  | Orb.
     0 | Abyss:1  | Reached XP level 1. HP: 19/19 MP: 2/2
    95 | Abyss:1  | Noticed a sixfirhy
   195 | Abyss:2  | Noticed a neqoxec
   221 | Abyss:2  | Found a basalt altar of Yredelemnul.
   264 | Abyss:2  | Noticed an efreet
   265 | D:1      | Escaped the Abyss
   285 | D:1      | Reached XP level 2. HP: 26/26 MP: 3/3
   632 | D:1      | Reached * piety under Lugonu
   638 | D:1      | Reached XP level 3. HP: 31/31 MP: 4/4
   723 | D:1      | Reached skill level 1 in Dodging
  1273 | D:2      | Reached XP level 4. HP: 27/40 MP: 5/5
  2141 | D:2      | Reached ** piety under Lugonu
  2244 | D:3      | Reached XP level 5. HP: 39/46 MP: 6/6
  2511 | D:3      | Found a runed translucent door.
  2512 | D:3      | Noticed Crazy Yiuf
  2601 | D:3      | Reached skill level 4 in Fighting
  3319 | D:3      | HP: 2/46 [Crazy Yiuf/+3 quarterstaff of chaos (12)]
  3319 | D:3      | Demolished by Crazy Yiuf

Levels and vault maps discovered:
D:1:      moated_graveyard_arrival, layout_basic
D:2:      layout_basic, minmay_hedge_maze
D:3:      layout_basic, uniq_crazy_yiuf_cottage

Skill      XL: |  1  2  3  4  5 |
---------------+----------------+-----
Axes           | 2 3 |  3.2
Dodging        | 1 |  1.6
Armour         | 2 |  2.5
Fighting       | 4 |  4.0
Invocations    | 3 |  3.0

Action                   |  1- 3 |  4- 6 || total
-------------------------+-------+-------++-------
Melee: Hand axe          |   108 |   145 ||   253
       Kick              |    14 |    24 ||    38
Invok: Depart the Abyss  |     1 |       ||     1
  Use: Scroll            |     6 |     2 ||     8
  Eat: Chunk             |       |     6 ||     6
Armor: Plate armour      |   112 |   100 ||   212
Dodge: Dodged            |    45 |    61 ||   106

Table legend:
 A = Non-vault XP
 B = Vault XP
 C = Vault XP percentage of total XP
 D = Non-vault monster count
 E = Vault monster count
 F = Vault count percentage of total count
                 A         B        C        D         E       F
            +---------+---------+-------+---------+---------+-------
      Total |     354 |       0 |   0.0 |      82 |       0 |   0.0
            +---------+---------+-------+---------+---------+-------
        D:1 |      71 |       0 |   0.0 |      29 |       0 |   0.0
        D:2 |     106 |       0 |   0.0 |      26 |       0 |   0.0
        D:3 |     167 |       0 |   0.0 |      26 |       0 |   0.0
    Abyss:2 |      10 |       0 |   0.0 |       1 |       0 |   0.0
            +---------+---------+-------+---------+---------+-------
